Unix NetHack Version 5.0.0-0 post-release - last build May  4 2026 22:22:43 (774f63e81ad911689b3a0859ea89b322d5daca8d,branch:main).

Game began 2026-05-07 20:32:53, ended 2026-05-07 21:08:37.

Drastanta, chaotic male elven Wizard

        ------
        |....|          ---------
        |....+0#########|.......|                                     ------
        |....|         #........|                                     ..\..|
        --.---       ###|........#                                   ......|
          #          # #|....(..|#                                   (.....|
          #          # #|.......|                                   .......|
          #          # #-----|---      ######   ####              #....
          #         ## ########[######## # -|----.-+----- ########)
          #        ##         #            |........).%k-#%
          #        #          #          ##-`.........%.|
          ##       #          #          # |.....f......|
           #    ####          #       #### |....@.......|
           #    #             #       #  ##.............|
          -.-.--#            -|-------#  # --------------
          |.....#            |.......|#
          |....|             |>.......#
          |`....####0        |.......|
          ------             ---------

Drastanta the Thaumaturge  St:14 Dx:9 Co:11 In:19 Wi:15 Ch:13  Chaotic
Dlvl:5  $:51 HP:0(36) Pw:66(91) AC:9  Xp:7 T:2579  Satiated

Latest messages:
 You kill the goblin!
 In what direction? 6
 The spell hits the hobgoblin!
 You kill the hobgoblin!
 You see here a mace.
 The hobgoblin wields 4 daggers!
 You hit the hobgoblin.
 The hobgoblin strikes at thin air!
 You kill the hobgoblin!
 You hit the large kobold.
 The gnome wields 4 daggers!
 You kill the large kobold!
 Welcome to experience level 6.
 You hit the bugbear.
 You miss the bugbear.
 The bugbear hits!
 You feel more confident in your weapon skills.
 You hit the bugbear!
 The bugbear hits!
 You see here a mace.
 The bugbear picks up a mace.
 The bugbear wields a mace!
 There is a staircase up to level 4 here.
 You see here a rabid rat corpse.
 In what direction? 6
 The spell hits the bugbear!
 You kill the bugbear!
 The gnome throws a dagger!
 You are hit by a dagger.
 In what direction? 6
 The spell hits the gnome!
 You kill the gnome!
 What do you want to drink? [fhrtE or ?*] ?
 You feel more experienced.
 Welcome to experience level 7.
 What do you want to drink? [hrtE or ?*] ?
 Magical energies course through your body.
 In what direction? 4
 The spell hits the housecat!
 You are no longer invisible.
 You see here a dagger.
 The housecat bites!
 You hit the housecat.
 The housecat bites!
 The housecat bites!
 The housecat bites!
 The housecat bites!
 The housecat bites!
 You die...
 Do you want your possessions identified? [ynq] (y) q

Inventory:
 Coins    ('$')
  $ - 51 gold pieces
 Weapons  (')')
  a - a blessed +1 quarterstaff (weapon in hands)
 Armor    ('[')
  b - an uncursed +0 cloak of magic resistance (being worn)
 Comestibles  ('%')
  y - an uncursed cream pie
  v - 2 uncursed food rations
  B - a cursed food ration
  q - 2 uncursed lichen corpses
 Scrolls  ('?')
  k - an uncursed scroll of destroy armor
  j - 2 uncursed scrolls of enchant armor
  C - an uncursed scroll of enchant weapon
  i - an uncursed scroll of identify
  u - a cursed scroll of magic mapping
  x - an uncursed scroll of stinking cloud
 Spellbooks  ('+')
  l - a blessed spellbook of force bolt
  m - an uncursed spellbook of knock
 Potions  ('!')
  r - 2 uncursed potions of fruit juice
  E - 2 uncursed potions of healing
  t - an uncursed potion of see invisible
 Rings    ('=')
  d - an uncursed +3 ring of gain strength (on right hand)
  e - an uncursed ring of slow digestion (on left hand)
 Wands    ('/')
  c - a wand of cold (0:4)
  s - a wand of slow monster (0:7)
 Tools    ('(')
  p - an uncursed tooled horn
  o - an uncursed blindfold
  w - an uncursed brass lantern
  n - a magic marker (0:21)
  z - an uncursed mirror
  F - a +0 pick-axe
  A - an uncursed skeleton key
  D - a cursed towel

Drastanta the Wizard's attributes:

Background:
 You were a Thaumaturge, a level 7 male elven Wizard.
 You were chaotic, on a mission for Anhur
 who was opposed by Ptah (lawful) and Thoth (neutral).
 You were left-handed.
 You were in the Dungeons of Doom, on level 5.
 You entered the dungeon 2579 turns ago.
 You had 640 experience points, 640 more were needed to attain level 8.

Basics:
 You had 0 out of 36 hit points.
 You had 66 out of 91 energy points (spell power).
 Your armor class was 9.
 Your wallet contained 51 zorkmids.
 Autopickup was off.

Final Characteristics:
 Your strength was 14 (base:11, limit:18).
 Your dexterity was 9 (peak:10, limit:18).
 Your constitution was 11 (limit:16).
 Your intelligence was 19 (limit:20).
 Your wisdom was 15 (limit:20).
 Your charisma was 13 (limit:18).

Final Status:
 You were satiated.
 You were unencumbered.
 You were wielding a quarterstaff.
 You had basic skill with quarterstaff and could have enhanced that.

Final Attributes:
 You were devoutly aligned.
 You were magic-protected.
 You were sleep resistant.
 You were telepathic.
 You had infravision.
 You had slower digestion.
 You were warded.
 You were unlucky.
 You are dead.

Miscellaneous:
 You didn't encounter any bones levels.
 Total elapsed playing time was 29 minutes and 46 seconds.

Major events:
 Turn
    1: Drastanta the chaotic male elven Wizard entered the dungeon
  883: entered the Gnomish Mines
  943: attained the rank of Conjurer (level 3)
 2538: attained the rank of Thaumaturge (level 6)
 2579: killed by a housecat

Spells:
 Name                 Level Category     Fail Retention
 force bolt             1   attack         0%   81%-90%
 knock                  1   matter         0%  76%-100%

Skills:
 Fighting Skills
   bare handed combat [Unskilled]
   riding             [Unskilled]
 Weapon Skills
   dagger             [Unskilled]
   knife              [Unskilled]
   axe                [Unskilled]
   short sword        [Unskilled]
   club               [Unskilled]
   mace               [Unskilled]
   quarterstaff       [Basic]
   polearms           [Unskilled]
   spear              [Unskilled]
   trident            [Unskilled]
   sling              [Unskilled]
   dart               [Unskilled]
   shuriken           [Unskilled]
 Spellcasting Skills
   attack spells      [Basic]
   healing spells     [Unskilled]
   divination spells  [Unskilled]
   enchantment spells [Basic]
   clerical spells    [Unskilled]
   escape spells      [Unskilled]
   matter spells      [Unskilled]

Voluntary challenges:
 Character rerolling was not enabled.
 You were illiterate.
 You never genocided any monsters.
 You never polymorphed an object.
 You never changed form.
 You used no wishes.
Achievements:
 You entered a shop.
 You entered the Gnomish Mines.
 You attained the rank of Conjurer.
 You attained the rank of Thaumaturge.

 The Dungeons of Doom: levels 1 to 5
    Level 1:
       A fountain.
    Level 2:
       A general store.
       Stairs down to The Gnomish Mines.
    Level 3:
       A fountain.
    Level 4:
       Some fountains, a grave.
    Level 5: <- You were here.
       A throne.
       Final resting place for
          you, killed by a housecat.
 The Gnomish Mines:
    Level 3:


Vanquished creatures:
  a gnome ruler
  3 bugbears
 an imp
  a pony
  a shrieker
  a gnomish wizard
  a straw golem
  2 floating eyes
  3 kittens
  a dwarf
  a rabid rat
  a centipede
  a giant bat
  a monkey
 an orc zombie
  a wererat
 an iguana
  a hobbit
  2 large kobolds
  3 hobgoblins
  3 yellow molds
  a red mold
  2 gnomes
  3 geckos
  a jackal
  a fox
  a kobold
  a goblin
  4 sewer rats
  a grid bug
  4 lichens
  6 newts
56 creatures vanquished.

No species were genocided or became extinct.

Game over:
                       ----------
                      /          \
                     /    REST    \
                    /      IN      \
                   /     PEACE      \
                  /                  \
                  |    Drastanta     |
                  |      51 Au       |
                  |   killed by a    |
                  |     housecat     |
                  |                  |
                  |                  |
                  |       2026       |
                 *|     *  *  *      | *
        _________)/\\_//(\/(/\)/\//\/|_)_______

Goodbye Drastanta the Wizard...

You died in The Dungeons of Doom on dungeon level 5 with 1630 points,
and 51 pieces of gold, after 2579 moves.
You were level 7 with a maximum of 36 hit points when you died.

